 Dungeon Crawl Stone Soup version 0.24-a0-699-g5a66b1aa3b (webtiles) character file.

Game seed: 16988361316544839799, levelgen mode: deterministic

244 Peloso the Shield-Bearer (level 5, -3/47 HPs)
             Began as a Minotaur Fighter on Sept 29, 2019.
             Slain by an ogre
             ... wielding a +0 giant club
              (12 damage)
             ... on level 4 of the Dungeon.
             The game lasted 00:05:11 (2401 turns).

Peloso the Shield-Bearer (Minotaur Fighter)         Turns: 2401, Time: 00:05:11

Health: -3/47      AC:  8    Str: 20 (21) XL:     5   Next: 83%
Magic:  4/4        EV:  8    Int:  6 (7)  God:
Gold:   217        SH: 10    Dex: 12      Spells: 4/4 levels left

rFire    . . .     SeeInvis .   a - +0 long sword
rCold    . . .     Gourm    .   c - +0 shield
rNeg     . . .     Faith    .   b - +0 scale mail
rPois    .         Spirit   .   (helmet restricted)
rElec    .         Reflect  .   (no cloak)
rCorr    .         Harm     .   (no gloves)
MR       .....     Clarity  +   i - +0 pair of boots
Stlth    +.........             (no amulet)
HPRegen  0.15/turn              p - ring of stealth
MPRegen  0.09/turn              (no ring)

@: no status effects
A: retaliatory headbutt, horns 2, agile 1, clarity, clever 1, wild magic 1
a: no special abilities


You were on level 4 of the Dungeon.
You were not hungry.

You visited 1 branch of the dungeon, and saw 4 of its levels.

You collected 217 gold pieces.

Inventory:

Hand Weapons
 a - a +0 long sword (weapon)
Armour
 b - a +0 scale mail (worn)
 c - a +0 shield (worn)
 i - a +0 pair of boots (worn)
Jewellery
 o - a +4 ring of dexterity {unknown}
 p - a ring of stealth (left hand)
Wands
 g - a wand of random effects (14)
Scrolls
 e - 3 scrolls of teleportation
 h - a scroll of remove curse
 j - 2 scrolls of enchant armour {unknown}
 l - a scroll of random uselessness {unknown}
 m - 6 scrolls of identify {unknown}
 n - a scroll of fear {unknown}
Potions
 d - a potion of might
Comestibles
 f - 5 rations
 q - a chunk of flesh


   Skills:
 + Level 4.3 Fighting
 + Level 4.6 Long Blades
 + Level 4.7 Armour
 + Level 1.3 Dodging
 + Level 0.2 Stealth
 + Level 5.2 Shields


You had 4 spell levels left.
You didn't know any spells.
Your spell library was empty.

Dungeon Overview and Level Annotations

Branches:
Dungeon (4/15)
 Temple: D:4-7

Altars:


Innate Abilities, Weirdness & Mutations

You reflexively headbutt those who attack you in melee.
You have a pair of horns on your head.
You are agile. (Dex +2)
You possess an exceptional clarity of mind.
Your mind is acute. (Int +2)
Your spells are a little harder to cast, but a little more powerful.


Message History

Aiming: Random Effects
Press: ? - help, Shift-Dir - straight line, f - ogre
Aim: an ogre, wielding a +0 giant club The ogre seems to speed up.
The ogre barely misses you.
Your shield prevents you from hitting the ogre.
You headbutt the ogre.
The ogre is lightly wounded.
The ogre hits you with a +0 giant club!!
You slash the ogre! You headbutt the ogre.
The ogre is heavily wounded.
The ogre hits you with a +0 giant club!
You hit the ogre but do no damage.
The ogre is heavily wounded.
The ogre hits you with a +0 giant club!
* * * LOW HITPOINT WARNING * * *
The ogre hits you with a +0 giant club!
* * * LOW HITPOINT WARNING * * *
You feel better. The ogre hits you but does no damage.
The ogre hits you with a +0 giant club!
You die...

#...........#..##....##...
##..........#.####...#....
.......?..### [ #........
..........## .####........
...........##.##..........
.........................#
........................##
#........O......#.....###
.........@......#......#
........................#
.#......................#
.....##..................
..#.. #...................
#.#.? ..##.....##.........
. .## .......####+#### ..
.......


You could see an ogre.

Vanquished Creatures
  An orc priest (D:3)
  A centaur skeleton (D:4)
  5 adders
  3 gnolls (D:3)
  4 worms
  2 dart slugs
  A leopard gecko (D:2)
  11 orcs
  3 giant cockroaches
  3 goblins
  8 hobgoblins
  12 jackals
  10 kobolds
  2 quokkas
  6 bats
  8 frilled lizards
  11 rats
  A bush (D:1)
92 creatures vanquished.

Notes
Turn   | Place    | Note
-------+----------+-------------------------------------------
     0 | D:1      | Peloso the Minotaur Fighter began the quest for the Orb.
     0 | D:1      | Reached XP level 1. HP: 19/19 MP: 0/0
   138 | D:1      | Reached XP level 2. HP: 26/27 MP: 1/1
   250 | D:1      | Reached skill level 4 in Shields
   896 | D:2      | Reached XP level 3. HP: 33/33 MP: 2/2
  1038 | D:2      | Reached XP level 4. HP: 28/40 MP: 3/3
  1429 | D:3      | Gained mutation: Your mind is acute. (Int +2) [potion of
                  | mutation]
  1429 | D:3      | Gained mutation: Your spells are a little harder to cast,
                  | but a little more powerful. [potion of mutation]
  1429 | D:3      | Gained mutation: You possess an exceptional clarity of
                  | mind. [potion of mutation]
  1429 | D:3      | Gained mutation: You are agile. (Dex +2) [potion of
                  | mutation]
  1794 | D:3      | Reached XP level 5. HP: 25/46 MP: 4/4
  1901 | D:3      | Reached skill level 5 in Shields
  1982 | D:3      | Reached skill level 1 in Dodging
  2352 | D:4      | Noticed an ogre
  2398 | D:4      | HP: 2/47 [ogre/+0 giant club (9)]
  2401 | D:4      | Slain by an ogre

Levels and vault maps discovered:
D:1:      lightli_arrival_boilingwater, layout_basic, serial_forest,
          infiniplex_forest_corner_1, infiniplex_forest_corner_1,
          infiniplex_forest_lined_2, infiniplex_forest_clump_C,
          infiniplex_forest_split, infiniplex_forest_end_3,
          minmay_misc_feat_pillars
D:2:      layout_rooms
D:3:      layout_loops_ring, first_ration, st_stairs_13,
          kennysheep_generic_room_14
D:4:      layout_cave_pools, nicolae_ru_path_of_blood, grunt_ministairs_7,
          st_stairs_13, minmay_fountain_box, nicolae_tso_carved_into_rock

Skill      XL: |  1  2  3  4  5 |
---------------+----------------+-----
Fighting       | 4 |  4.3
Shields        | 4 5 |  5.2
Armour         | 4 |  4.7
Long Blades    | 3 4 |  4.6
Dodging        | 1 |  1.3
Stealth        | |  0.2

Action                   |  1- 3 |  4- 6 || total
-------------------------+-------+-------++-------
Melee: Long sword        |   152 |   109 ||   261
       Headbutt          |    28 |    25 ||    53
Evoke: Wand              |       |     3 ||     3
  Use: Potion            |       |     5 ||     5
       Scroll            |       |     3 ||     3
  Eat: Chunk             |       |     5 ||     5
Armor: Scale mail        |    45 |    64 ||   109
Dodge: Dodged            |    27 |    41 ||    68
Block: Shield            |    46 |    65 ||   111
       Rpst.: Long sword |     6 |    10 ||    16

Table legend:
 A = Non-vault XP
 B = Vault XP
 C = Vault XP percentage of total XP
 D = Non-vault monster count
 E = Vault monster count
 F = Vault count percentage of total count
                 A         B        C        D         E       F
            +---------+---------+-------+---------+---------+-------
      Total |     343 |       6 |   1.7 |      89 |       2 |   2.2
            +---------+---------+-------+---------+---------+-------
        D:1 |      39 |       0 |   0.0 |      25 |       0 |   0.0
        D:2 |      81 |       0 |   0.0 |      32 |       0 |   0.0
        D:3 |     169 |       6 |   3.4 |      27 |       2 |   6.9
        D:4 |      54 |       0 |   0.0 |       5 |       0 |   0.0
            +---------+---------+-------+---------+---------+-------
